 Dungeon Crawl Stone Soup version 0.24-a0-244-ga6a6ab7d13 (webtiles) character file.

Game seed: 9018697182564219472

46 Redear the Chiller (level 3, 0/16 HPs)
             Began as a Vine Stalker Ice Elementalist on Apr 11, 2019.
             Slain by a gnoll (2 damage)
             ... on level 1 of the Dungeon.
             The game lasted 00:03:26 (1447 turns).

Redear the Chiller (Vine Stalker Ice Elementalist)  Turns: 1447, Time: 00:03:27

Health: 0/16       AC:  2    Str: 10    XL:     3   Next: 66%
Magic:  0/8        EV: 12    Int: 21    God:
Gold:   77         SH:  0    Dex: 14    Spells: 7/8 levels left

rFire    . . .     SeeInvis .   (no weapon)
rCold    . . .     Gourm    .   (no shield)
rNeg     . . .     Faith    .   a - +0 robe
rPois    .         Spirit   +   (no helmet)
rElec    .         Reflect  .   (no cloak)
rCorr    .         Harm     .   (no gloves)
MR       .....                  (no boots)
Stlth    ++........             (no amulet)
HPRegen  0.05/turn              (no ring)
MPRegen  0.11/turn              (no ring)

@: brilliant, very slightly contaminated
A: fangs 2, magic shield, antimagic bite, no potion heal 3, rot immunity
a: no special abilities


You were on level 1 of the Dungeon.
You were near starving.

You visited 1 branch of the dungeon, and saw 2 of its levels.

You collected 77 gold pieces.

Inventory:

Armour
 a - a +0 robe (worn)
 g - a +0 helmet
Jewellery
 b - an uncursed amulet of rage {unknown}
 e - an uncursed ring of wizardry {unknown}
Scrolls
 c - a scroll of remove curse {unknown}
 d - a scroll of blinking {unknown}
 f - 2 scrolls of identify {unknown}
 j - a scroll of noise {unknown}
Comestibles
 z - 8 rations


   Skills:
 - Level 1.5 Dodging
 - Level 2.4 Stealth
 + Level 3.2 Spellcasting
   Level 1.0 Conjurations
 + Level 3.8 Ice Magic


You had 7 spell levels left.
You knew the following spells:

 Your Spells              Type           Power        Failure   Level  Hunger
a - Freeze                Ice            ####         1%          1    None

Your spell library contained the following spells:

 Spells                   Type           Power        Failure   Level  Hunger
 Throw Frost              Conj/Ice       ####..       1%          2    ##.....
 Ozocubu's Armour         Chrm/Ice       ###.....     2%          3    ###....
 Throw Icicle             Conj/Ice       ####....     5%          4    ####...
 Summon Ice Beast         Ice/Summ       ###.....     7%          4    ####...


Dungeon Overview and Level Annotations

Branches:
Dungeon (2/15)

Altars:
The Shining One

Annotations:
D:2 Natasha


Innate Abilities, Weirdness & Mutations

You have extremely sharp teeth.
When hurt, damage is shared between your health and your magic reserves.
Your bite disrupts and absorbs the magic of your enemies.
Potions cannot restore your health.
You are immune to rotting.


Message History

You feel clever all of a sudden. The adder bites you.
* * * LOW HITPOINT WARNING * * *
The kobold barely misses you.
You take 1 damage, and have 2/16 hp.
Unknown command.
You completely miss the adder.
The adder is almost dead.
The kobold hits you but does no damage. The adder barely misses you.
Casting: Freeze (safe; 1% risk of failure)
Confirm with . or Enter, or press ? or * to list all spells.
Aiming: Freeze (safe; 1% risk of failure)
Press: ? - help, Shift-Dir - straight line, f/p - adder
Aim: an adder (almost dead, slow)
You freeze the adder.
You kill the adder!
The kobold misses you.
You now have 0/8 mp.
You closely miss the kobold. The kobold barely misses you. The gnoll hits you.
You die...

.# #........................#
## #...###################.##
#...# #......# #.# #...#
#.####.# #.# #####...# #.# #.#
#.# #.......# #.# #.# #)#
##.......# #.# #.# #.#
##.......#########.####.# #.#
##.............K@g......# #.#
##.......#########.#########.##
##.......# #............#
##.......######################
##.......#............#
#####'#..#.##########.#
#####.#..#.# #.# ......#..#.#
#.# ......#..#.# #(#


You could see a gnoll and a kobold.

Vanquished Creatures
  An adder (D:1)
  An ooze (D:1)
  3 bats
  3 goblins
  4 hobgoblins
  2 jackals
  6 kobolds (D:1)
  2 ball pythons
  2 frilled lizards (D:1)
  6 rats (D:1)
30 creatures vanquished.

Notes
Turn   | Place    | Note
-------+----------+-------------------------------------------
     0 | D:1      | Redear the Vine Stalker Ice Elementalist began the quest
                  | for the Orb.
     0 | D:1      | Reached XP level 1. HP: 9/9 MP: 4/4
   288 | D:1      | Reached XP level 2. HP: 9/13 MP: 3/6
   581 | D:1      | Found a glowing golden altar of the Shining One.
   787 | D:1      | Reached XP level 3. HP: 10/16 MP: 4/8
   973 | D:1      | Reached skill level 3 in Spellcasting
  1020 | D:2      | Noticed Natasha
  1136 | D:2      | HP: 1/16 [worm (7)]
  1447 | D:1      | Slain by a gnoll

Levels and vault maps discovered:
D:1:      eino_arrival_tree_alley, layout_basic, tso_altar
D:2:      layout_rooms, gammafunk_temple_overflow_forgotten, uniq_natasha

Skill      XL: |  1  2  3 |
---------------+----------+-----
Spellcasting   | 3 |  3.2
Dodging        | |  1.5
Stealth        | |  2.4
Conjurations   | |  1.0
Ice Magic      | |  3.8

Action                   || total
-------------------------++-------
Melee: Unarmed           ||    14
       Bite              ||     3
 Cast: Freeze            ||    51
  Use: Potion            ||     2
Armor: Robe              ||    17
Dodge: Dodged            ||    55

Table legend:
 A = Non-vault XP
 B = Vault XP
 C = Vault XP percentage of total XP
 D = Non-vault monster count
 E = Vault monster count
 F = Vault count percentage of total count
                 A         B        C        D         E       F
            +---------+---------+-------+---------+---------+-------
      Total |      66 |       0 |   0.0 |      30 |       0 |   0.0
            +---------+---------+-------+---------+---------+-------
        D:1 |      56 |       0 |   0.0 |      25 |       0 |   0.0
        D:2 |      10 |       0 |   0.0 |       5 |       0 |   0.0
            +---------+---------+-------+---------+---------+-------
